 Dungeon Crawl Stone Soup version 0.31-a0-66-ge618eeaa78 (webtiles) character file.

Game seed: 12665753527395374037

923 mopl the Covert (level 8, 0/52 HPs)
             Began as an Octopode Brigand on May 22, 2023.
             Was an Initiate of Dithmenos.
             Slain by an ice beast (9 damage)
             ... on level 6 of the Dungeon.
             The game lasted 00:05:28 (3356 turns).

mopl the Covert (Octopode Brigand)                  Turns: 3356, Time: 00:05:29

Health: 0/52       AC:  1    Str: 11    XL:     8   Next: 10%
Magic:  9/9        EV: 13    Int: 15    God:    Dithmenos [......]
Gold:   177        SH:  0    Dex: 13    Spells: 7/7 levels left

rFire   . . .        a - +2 dagger
rCold   . . .        (no shield)
rNeg    . . .        (helmet restricted)
rPois   .            (no amulet)
rElec   .            (no ring)
rCorr   .            (no ring)
SInv    .            (no ring)
Will    .....        (no ring)
Stlth   +++++        (no ring)
HPRegen 0.28/turn    (no ring)
MPRegen 0.11/turn    (no ring)
                     (no ring)

%: no passive effects
@: no status effects
A: almost no armour, amphibious, 8 rings, camouflage 1, gelatinous body 1,
(nimble swimmer 1), tentacles
a: Renounce Religion


You were on level 6 of the Dungeon.
You worshipped Dithmenos.
Dithmenos was noncommittal.
You visited 1 branch of the dungeon, and saw 6 of its levels.

You collected 177 gold pieces.

Inventory:

Hand Weapons
 a - a +2 dagger (weapon)
Missiles
 b - 14 poisoned darts (quivered)
 c - 3 curare-tipped darts
Scrolls
 d - 3 scrolls of magic mapping
 e - 3 scrolls of teleportation {unknown}
 g - a scroll of enchant weapon {unknown}
 k - a scroll of immolation {unknown}
 m - a scroll of brand weapon {unknown}
 n - 4 scrolls of identify {unknown}
 o - a scroll of torment {unknown}
 p - a scroll of fear {unknown}
 q - a scroll of amnesia {unknown}
Potions
 f - a potion of degeneration {unknown}
 h - a potion of brilliance {unknown}
 i - a potion of invisibility {unknown}
 j - 2 potions of heal wounds
 l - 2 potions of curing {unknown}
 r - a potion of lignification {unknown}
 s - a potion of cancellation {unknown}
 t - a potion of mutation {unknown}


   Skills:
 + Level 3.4 Fighting
 * Level 5.1 Short Blades
 + Level 4.2 Throwing
 + Level 2.6 Dodging
 * Level 8.4 Stealth
 + Level 2.4 Invocations


You had 7 spell levels left.
You didn't know any spells.
Your spell library contained the following spells:

 Spells                   Type           Power      Damage    Failure   Level
 Foxfire                  Conj/Fire      0%         2x1d4     26%         1
 Sting                    Tmut/Pois      0%         1d3       26%         1
 Summon Small Mammal      Summ           0%         N/A       26%         1
 Poisonous Vapours        Pois/Air       0%         N/A       38%         2
 Call Canine Familiar     Summ           0%         N/A       63%         3
 Stone Arrow              Conj/Erth      0%         3d7       63%         3
 Summon Guardian Golem    Hex/Summ       0%         N/A       63%         3
 Olgreb's Toxic Radiance  Pois           0%         N/A       95%         4
 Fireball                 Conj/Fire      0%         3d3       100%        5
 Conjure Ball Lightning   Conj/Air       0%         3x3d6     100%        6
 Plasma Beam              Fire/Air       0%         2x1d11    100%        6
 Starburst                Conj/Fire      0%         6d3       100%        6
 Discord                  Hex            0%         N/A       100%        8
 Disjunction              Tloc           0%         N/A       100%        8
 Lehudib's Crystal Spear  Conj/Erth      0%         10d2      100%        8
 Animate Armour           Summ/Erth      Unusable   N/A       N/A         4

Dungeon Overview and Level Annotations

Branches:
Dungeon (6/15)
 Temple: D:4-7

Altars:
Cheibriados
Dithmenos
Okawaru
Wu Jian

Shops:
D:6 =

Annotations:
D:4 3 runed translucent doors, pk666's ghost, amateur DEHW


Innate Abilities, Weirdness & Mutations

You cannot wear most types of armour.
You are amphibious.
You can wear up to eight rings at the same time.
Your skin changes colour to match your surroundings (Stealth+).
Your rubbery body absorbs attacks. (AC +1, EV +1)
((You are camouflaged when in or above water. (Stealth+)))
You have tentacles for arms and can constrict up to eight enemies at once.


Message History

Things that are here:
a +0 long sword; +0 steam dragon scales; the human corpse of Maggie
Found 6 stones.
Found an iron altar of Okawaru.
You aren't carrying any items that you can evoke.
As you read the scroll labelled ZEIGOH URUAHO, it crumbles to dust.
You feel aware of your surroundings.
It was a scroll of magic mapping.
You hit the ice beast. Your squeeze misses the ice beast.
The ice beast is lightly wounded.
The ice beast hits you. The ice beast freezes you!
You closely miss the ice beast.
The ice beast is lightly wounded.
The ice beast barely misses you.
You hit the ice beast but do no damage. Your squeeze misses the ice beast.
The ice beast is lightly wounded.
The ice beast barely misses you.
You hit the ice beast but do no damage. You squeeze the ice beast.
The ice beast is moderately wounded.
You barely miss the ice beast.
You squeeze the ice beast, but do no damage.
The ice beast is moderately wounded.
The ice beast hits you. The ice beast freezes you!
You hit the ice beast.
The ice beast is heavily wounded.
The ice beast barely misses you.
You closely miss the ice beast. You squeeze the ice beast.
The ice beast is severely wounded.
The ice beast hits you. The ice beast freezes you!
* * * LOW HITPOINT WARNING * * *
You hit the ice beast. Your squeeze misses the ice beast.
The ice beast is almost dead.
You barely miss the ice beast.
The ice beast is almost dead.
The ice beast barely misses you.
You hit the ice beast but do no damage. Your squeeze misses the ice beast.
The ice beast is almost dead.
The ice beast hits you.
* * * LOW HITPOINT WARNING * * *
The ice beast freezes you!
You die...

#..,..(.,.##*,,,,,,,,,,,
#..*...*...,,,*,,,,,,,,,
#..##.##.#,,,,*,,,,,,,,,
#........#,*,,*,,,,,,,,,
#........#...,.,,,,,,,,,
**#.#..........,,,,,,,,,
##...#####....,,,,,,,,*
#(...##.......,,,,*,,,*
##....@Y......,,,,,,,,,
#.............,,,*,,*,,
####..)....##..#.,,,****,*
#.##..##.......#*,,****,,*
###.##..##.......,,,,,,,,,,*
*##........#........**,,,,,,,,
*,............#....#*****,,,**
**#.................,*,**,***,
####.............##,,,,,,,,,*,,


You could see an ice beast.

Vanquished Creatures
  Maggie (D:6)
  Grinder (D:4)
  An ogre (D:4)
  Blork the orc (D:4)
  A scorpion (D:6)
  A howler monkey (D:4)
  A jelly (D:5)
  A hound (D:4)
  A gnoll (D:1)
  6 adders
  2 worms
  An orc (D:5)
  9 ball pythons
  A bat (D:2)
  9 endoplasms
  2 giant cockroaches
  8 goblins
  8 hobgoblins
  7 jackals
  6 kobolds
  3 quokkas
  2 frilled lizards
  7 rats
80 creatures vanquished.

Notes
Turn   | Place    | Note
-------+----------+-------------------------------------------
     0 | D:1      | mopl the Octopode Brigand began the quest for the Orb.
     0 | D:1      | Reached XP level 1. HP: 14/14 MP: 1/1
   204 | D:1      | Reached XP level 2. HP: 19/19 MP: 2/2
   248 | D:1      | Found a faded altar of an unknown god.
   296 | D:1      | Reached XP level 3. HP: 3/24 MP: 3/3
   843 | D:2      | Reached skill level 6 in Stealth
   966 | D:2      | Reached skill level 3 in Short Blades
   966 | D:2      | Reached XP level 4. HP: 24/29 MP: 4/4
  1191 | D:2      | Reached skill level 3 in Throwing
  1829 | D:3      | Reached XP level 5. HP: 34/34 MP: 5/5
  1940 | D:3      | Found an ornate altar of the Wu Jian Council.
  1974 | D:3      | Found a shadowy altar of Dithmenos.
  1984 | D:3      | Became a worshipper of Dithmenos the Shadowed
  2316 | D:4      | Noticed an ogre
  2333 | D:4      | Killed an ogre
  2356 | D:4      | Noticed Blork the orc
  2369 | D:4      | Killed Blork the orc
  2370 | D:4      | Reached skill level 7 in Stealth
  2370 | D:4      | Reached skill level 1 in Invocations
  2370 | D:4      | Reached XP level 6. HP: 12/41 MP: 6/6
  2633 | D:4      | Reached skill level 4 in Short Blades
  2718 | D:4      | Found a runed translucent gate.
  2718 | D:4      | Found a runed translucent gate.
  2718 | D:4      | Found a runed translucent gate.
  2809 | D:4      | Noticed Grinder
  2813 | D:4      | Killed Grinder
  2814 | D:4      | Reached skill level 2 in Dodging
  2814 | D:4      | Reached XP level 7. HP: 45/45 MP: 6/8
  2871 | D:4      | Noticed pk666's ghost (amateur DEHW)
  2905 | D:5      | Entered Level 5 of the Dungeon
  2905 | D:5      | Found a snail-covered altar of Cheibriados.
  2977 | D:5      | Found a faded altar of an unknown god.
  3111 | D:6      | Found Ceusychu's Jewellery Boutique.
  3139 | D:6      | Reached skill level 3 in Fighting
  3139 | D:6      | Reached skill level 4 in Throwing
  3139 | D:6      | Reached skill level 2 in Invocations
  3165 | D:6      | Noticed Maggie
  3193 | D:6      | Killed Maggie
  3194 | D:6      | Reached skill level 5 in Short Blades
  3194 | D:6      | Reached skill level 8 in Stealth
  3194 | D:6      | Reached XP level 8. HP: 14/52 MP: 9/9
  3338 | D:6      | Found an iron altar of Okawaru.
  3356 | D:6      | Slain by an ice beast

Illustrated notes

Levels and vault maps discovered:
D:1:      onia_arrival_pyramid, layout_basic,
          ebering_ecumenical_altar_abandoned, serial_bayou, serial_bayou_pond_d,
          serial_bayou_crossing, serial_bayou_pond_c, serial_bayou_pond_d
D:2:      layout_rooms, serial_co_window_serial, co_window_paths_b,
          co_window_paths_b, co_window_of_opportunity_a, co_window_paths_a,
          co_window_corner_a, co_window_of_opportunity_b,
          co_window_of_opportunity_b, co_window_of_opportunity_c,
          co_window_corner_cb, co_window_of_opportunity_c,
          co_window_of_opportunity_c, glass_columns_a, glass_columns_a,
          glass_columns_c
D:3:      layout_basic, mainiacjoe_overflow_two_lobes, minmay_cut_off
D:4:      layout_basic, ebering_ghost_rock_garden, uniq_eustachio,
          uniq_blork_the_orc, uniq_grinder
D:5:      layout_cave_pools, old_standard_altar, cheibriados_altar_1,
          serial_column_ruins, column_ruins_temple_circle,
          column_ruins_open_small, column_ruins_columns_dead_end,
          column_ruins_grid_4, column_ruins_corridor_straight,
          column_ruins_corridor_corner, chequers_mini_garden
D:6:      layout_cave_pools, okawaru_gym_becter, serial_shops,
          nicolae_stop_n_shop_1, uniq_maggie

Skill      XL: |  1  2  3  4  5  6  7 |
---------------+----------------------+-----
Stealth        | 6 7 8 |  8.4
Short Blades   | 3 4 5 |  5.1
Throwing       | 3 4 |  4.2
Invocations    | 1 2 |  2.4
Dodging        | 2 |  2.6
Fighting       | 3 |  3.4

Action                     |  1- 3 |  4- 6 |  7- 9 || total
---------------------------+-------+-------+-------++-------
  Melee: Dagger            |    55 |    69 |    25 ||   149
         Constrict         |    10 |    10 |     2 ||    22
         Tentacles         |     7 |     9 |    10 ||    26
  Throw: Dart              |     2 |     9 |       ||    11
    Use: Scroll            |       |       |     1 ||     1
   Stab: Sleeping          |    14 |    24 |     4 ||    42
         Distracted        |       |     1 |       ||     1
 Armour: Skin              |     4 |     5 |       ||     9
  Dodge: Dodged            |    26 |    27 |     6 ||    59

Table legend: (Time is in decaauts)
 A = Elapsed time spent in this place.
 B = Non-inter-level travel time spent in this place.
 C = Inter-level travel time spent in this place.
 D = Time resting spent in this place.
 E = Time spent auto-exploring this place.
 F = Levels seen in this place.
 G = Mean time per level.
                   A        B        C        D        E       F      G
               +--------+--------+--------+--------+--------+-----+--------+
         Total |   3329 |   3223 |    106 |    305 |   2298 |   6 |  554.8 |
       Dungeon |   3329 |   3223 |    106 |    305 |   2298 |   6 |  554.8 |
               +--------+--------+--------+--------+--------+-----+--------+

Top non-repeatable levels by time:
     D:1: 818 daAuts
     D:2: 766 daAuts
     D:4: 673 daAuts
     D:3: 626 daAuts
     D:6: 239 daAuts
     D:5: 205 daAuts
